Map: Year Zero LE

Players

DavTerran - Winner!

  • Race: Terran Terran
  • League: Platinum
  • Spawn Location: 1:00

Sketchaphone

  • Race: Zerg Zerg
  • League: Platinum
  • Spawn Location: 11:00

VOD

Have the link to the VOD?

Description

Time

  • Played on: Feb. 2, 2019, 10:19 a.m.
  • Length: 29:53
Show
View Real Time Build Order
Export as new Build Order

DavTerran Terran - Winner!

Build Orders:  

Get SALT Encoding   

  12  0:03  SCV  
  13  0:32  SCV  
  13  0:33  Supply Depot x2  
  14  0:51  SCV  
  15  0:57  Barracks  
  15  0:59  Refinery  
  15  1:36  SCV, Command Center  
  16  1:49  Marine  
  17  1:57  Refinery  
  17  2:03  Refinery  
  18  2:10  Orbital Command  
  18  2:14  Marine  
  18  2:41  SCV  
  18  2:43  Marine  
  20  2:48  Orbital Command  
  20  2:53  SCV  
  21  2:59  Supply Depot  
  21  3:01  Supply Depot  
  21  3:05  SCV  
  22  3:17  SCV  
  23  3:25  SCV  
  24  3:27  Factory x2  
  24  3:29  SCV  
  25  3:48  Marine  
  25  3:50  SCV x2  
  28  3:56  Factory  
  27  4:10  Marine  
  27  4:12  Hellion x2  
  32  4:32  Armory  
  32  4:36  Hellion x2  
  32  4:37  Starport  
  36  4:40  Hellion  
  38  4:47  SCV x2  
  38  4:48  Factory  
  40  5:15  Liberator  
  40  5:17  Hellion x3  
  46  5:28  Orbital Command  
  46  5:31  Terran Vehicle Weapons Level 1  
  49  5:38  Hellion  
  49  5:42  Hellion x5  
  51  5:55  SCV x2  
  51  5:56  Bunker  
  51  6:07  SCV  
  52  6:13  Factory Tech Lab  
  52  6:14  Factory Tech Lab x3  
  52  6:33  Command Center  
  49  6:52  Hellion x2  
  49  6:53  Hellion x2, Infernal Pre-Igniter  
  57  6:56  Drilling Claws  
  43  7:23  Hellion x4  
  51  7:32  Barracks Reactor  
  51  7:47  Hellion x4  
  59  7:57  Starport Reactor  
  49  8:02  SCV x2  
  55  8:13  Hellion x4  
  55  8:14  SCV x2, Terran Vehicle Weapons Level 2  
  61  8:24  Supply Depot  
  61  8:26  SCV, Supply Depot x3  
  62  8:28  Liberator  
  62  8:30  Liberator  
  62  8:44  Engineering Bay  
  62  8:46  Hellion, SCV x2  
  62  8:47  Engineering Bay, Command Center  
  72  8:48  Supply Depot  
  72  8:50  Supply Depot  
  72  8:58  SCV  
  73  9:26  Hellion  
  73  9:27  Hellion  
  73  9:28  Hellion x2  
  56  9:48  Hellion  
  56  9:49  Hellion x2  
  62  9:59  Hellion  
  62  10:02  Orbital Command  
  62  10:04  Bunker  
  62  10:09  Hellion  
  62  10:10  Hellion x2  
  62  10:11  Supply Depot  
  68  10:14  Supply Depot, SCV x2  
  68  10:18  Marine x2  
  72  10:24  Hi-Sec Auto Tracking  
  72  10:26  Neosteel Armor, SCV  
  73  10:41  Hellion x3  
  73  10:42  Hellion  
  81  10:43  Terran Vehicle Weapons Level 3  
  78  10:57  Liberator x2  
  78  11:03  Hellion  
  77  11:05  Refinery  
  75  11:13  Hellion x2  
  75  11:14  Hellion  
  84  11:28  Supply Depot  
  84  11:29  Supply Depot x2  
  84  11:31  SCV x3  
  87  11:41  Missile Turret x2  
  87  11:42  Missile Turret  
  87  11:43  Missile Turret  
  87  11:44  Missile Turret  
  87  11:46  Missile Turret  
  87  11:48  Missile Turret x3  
  87  11:51  Missile Turret  
  87  11:52  Liberator x2  
  87  12:02  SCV x3  
  87  12:03  Missile Turret  
  56  13:20  Cyclone x3  
  56  13:21  Cyclone  
  56  13:23  Mag-Field Accelerator  
  68  13:31  Refinery  
  68  13:32  Refinery  
  68  13:33  Liberator x2  
  68  13:37  Refinery  
  74  13:58  Command Center  
  78  14:10  Hellbat x4  
  78  14:13  Terran Ship Weapons Level 1  
  82  14:18  Liberator x2  
  82  14:32  Hellbat  
  82  14:33  Hellbat x3  
  96  14:39  Starport  
  96  14:45  Fusion Core  
  96  14:49  Supply Depot  
  96  14:52  Supply Depot  
  96  14:54  Hellbat  
  96  14:55  Hellbat x3  
  96  14:57  Marine  
  96  14:58  Marine  
  106  15:04  Supply Depot  
  106  15:05  Supply Depot  
  106  15:07  Supply Depot  
  106  15:09  Supply Depot  
  106  15:10  Liberator x2  
  106  15:15  Hellbat, Marine  
  106  15:16  Marine  
  110  15:24  Missile Turret  
  110  15:26  Missile Turret  
  110  15:28  Missile Turret  
  116  15:31  Hellbat x3  
  116  15:33  Marine x2  
  124  15:37  Hellbat  
  126  15:44  Missile Turret  
  126  15:47  Starport Tech Lab  
  126  15:51  Marine x2  
  126  15:52  Missile Turret  
  126  15:53  Missile Turret  
  98  16:07  Missile Turret  
  98  16:19  Missile Turret  
  87  16:40  Thor x4  
  81  18:09  Thor x3  
  84  18:42  Orbital Command  
  84  18:52  Planetary Fortress  
  84  19:01  Refinery  
  84  19:04  Refinery  
  84  19:27  Hellbat x2  
  84  19:28  Hellbat x2  
  92  19:36  Battlecruiser  
  92  19:38  Weapon Refit  
  98  19:57  Missile Turret x2  
  98  19:58  Missile Turret  
  98  19:59  Missile Turret  
  95  21:02  Hellbat  
  95  21:03  Hellbat x3  
  103  21:04  Orbital Command  
  103  21:05  Battlecruiser  
  109  21:31  SCV  
  109  21:32  SCV  
  111  21:36  Hellbat x2  
  111  21:37  Hellbat x2  
  113  21:43  SCV  
  114  21:58  Hellbat  
  116  22:01  Orbital Command  
  116  22:04  Orbital Command  
  86  23:04  Thor x3  
  86  23:05  Thor  
  110  23:06  Marine x2  
  110  23:12  SCV x2  
  112  23:24  Marine x2, SCV x2  
  110  23:36  SCV x2  
  106  23:41  Marine  
  106  23:42  Marine  
  100  23:56  Battlecruiser  
  100  23:58  Hellion x2  
  100  23:59  Hellion x2, Marine  
  100  24:00  Marine  
  112  24:20  Hellion  
  114  24:28  Thor x3  
  132  24:55  Hellion x5  
  108  25:26  Battlecruiser  
  116  25:28  Hellion  
  116  25:29  Hellion x3  
  116  25:32  Marine  
  116  25:33  Marine  
  126  25:50  Hellion x4, Marine x2  
  124  26:03  Liberator x2  
  124  26:08  Marine x2  
  128  26:11  Hellion  
  128  26:12  Hellion x3  
  134  26:24  Advanced Ballistics  
  140  26:26  Marine x2  
  144  26:33  Hellion x4  
  146  26:54  Hellion x4  
  146  26:56  Liberator  
  152  27:11  Battlecruiser  
  160  28:08  Hellion  
  160  28:09  Hellion x3  
  168  28:30  Hellion x4  
  176  28:51  Hellion  
  176  28:52  Hellion x3  
  184  29:12  Hellion  
  184  29:13  Hellion  
Show
View Real Time Build Order
Export as new Build Order

Sketchaphone Zerg 

Build Orders: Hatch First 

Get SALT Encoding   

  12  0:01  Drone  
  13  0:13  Overlord  
  13  0:22  Drone  
  13  0:25  Drone, Extractor  
  14  0:33  Drone  
  16  0:39  Drone  
  17  0:45  Drone  
  18  1:07  Hatchery  
  17  1:19  Spawning Pool, Drone  
  17  1:20  Extractor  
  17  1:22  Drone  
  17  1:37  Extractor  
  17  1:38  Drone  
  17  1:44  Drone  
  17  1:46  Drone  
  19  1:53  Overlord  
  20  2:06  Zergling x2  
  21  2:11  Queen  
  23  2:23  Drone  
  23  2:24  Zergling x2  
  23  2:28  Queen  
  23  2:29  Drone  
  27  2:30  Metabolic Boost  
  27  2:42  Drone  
  27  2:43  Drone  
  29  2:46  Drone  
  29  2:50  Drone  
  31  2:58  Zergling x2  
  31  3:00  Zergling x2  
  31  3:04  Spine Crawler  
  31  3:06  Overlord  
  31  3:13  Drone x2  
  31  3:19  Zergling x4  
  35  3:26  Overlord  
  35  3:28  Overlord  
  35  3:37  Evolution Chamber  
  35  3:38  Drone  
  35  3:44  Queen  
  37  3:58  Zergling x2, Drone  
  39  4:04  Drone  
  39  4:05  Spore Crawler, Zerg Melee Weapons Level 1  
  39  4:09  Drone  
  41  4:10  Drone  
  41  4:13  Drone x2  
  43  4:21  Drone  
  43  4:22  Drone x2  
  46  4:27  Overlord  
  46  4:30  Overlord  
  46  4:36  Drone x2  
  48  4:42  Drone  
  49  5:02  Hatchery  
  49  5:05  Baneling Nest  
  47  5:08  Zergling x4  
  47  5:09  Zergling x2  
  47  5:11  Drone x2  
  47  5:13  Evolution Chamber, Drone x2  
  52  5:15  Lair  
  52  5:30  Extractor  
  52  5:32  Drone x3  
  52  5:34  Overlord x2, Extractor  
  52  5:35  Zergling x2, Extractor  
  53  5:38  Drone  
  52  6:15  Drone x2  
  52  6:16  Overlord, Hatchery, Zerg Ground Armor Level 1  
  52  6:17  Centrifical Hooks  
  53  6:24  Drone  
  54  6:33  Zergling x12  
  54  6:36  Spine Crawler  
  54  6:38  Spine Crawler  
  58  6:49  Baneling x2  
  58  6:50  Zergling x4  
  60  6:57  Baneling x8  
  60  6:58  Zergling x20  
  70  7:07  Baneling x5  
  64  7:19  Drone x5  
  64  7:20  Drone  
  69  7:28  Queen  
  69  7:29  Overlord, Drone  
  72  7:33  Spire  
  72  7:34  Hatchery  
  72  7:35  Zerg Melee Weapons Level 2  
  70  7:44  Hydralisk Den  
  66  7:58  Zergling x20  
  66  7:59  Zergling x2  
  66  8:05  Spore Crawler, Drone  
  77  8:06  Spore Crawler  
  77  8:08  Zergling x8  
  77  8:11  Zergling x2  
  81  8:16  Grooved Spines  
  81  8:22  Overlord  
  81  8:32  Overseer  
  81  8:41  Zerg Missile Weapons Level 1  
  81  8:42  Roach Warren  
  81  8:43  Overlord  
  81  8:44  Overlord  
  80  8:48  Queen  
  82  8:58  Queen  
  82  9:01  Drone x2  
  86  9:07  Overlord  
  85  9:13  Baneling x4  
  85  9:14  Baneling  
  85  9:15  Hydralisk  
  85  9:16  Hydralisk x2  
  62  9:33  Roach, Hydralisk x2  
  62  9:34  Roach x2, Hydralisk  
  71  9:54  Drone  
  71  9:55  Overlord  
  72  10:00  Zergling x2  
  72  10:01  Zergling x2  
  72  10:03  Zergling x2  
  72  10:06  Zergling x2  
  76  10:11  Queen, Drone x2  
  76  10:12  Drone  
  81  10:15  Muscular Augments  
  81  10:17  Glial Reconstitution  
  82  10:21  Drone  
  82  10:25  Hatchery, Drone, Extractor  
  82  10:26  Extractor  
  80  10:32  Drone x2  
  82  10:49  Hydralisk x3  
  85  10:51  Hydralisk x2  
  87  11:05  Spore Crawler  
  87  11:10  Drone x2, Hydralisk x2  
  86  11:22  Drone x2  
  86  11:23  Drone  
  89  11:26  Drone x4  
  89  11:31  Drone  
  94  11:35  Corruptor  
  94  11:37  Zergling x2  
  97  11:51  Zerg Ground Armor Level 2  
  97  11:53  Zerg Missile Weapons Level 2  
  97  11:56  Drone x3  
  97  11:58  Drone  
  97  11:59  Drone  
  102  12:02  Drone x2  
  104  12:10  Drone  
  104  12:11  Drone x3  
  108  12:18  Spore Crawler  
  108  12:20  Roach x2  
  109  12:27  Ravager, Baneling  
  109  12:28  Baneling  
  109  12:29  Baneling x2  
  106  12:34  Zergling x14  
  101  12:47  Roach x3  
  81  12:58  Zergling x2  
  81  13:00  Drone  
  81  13:01  Drone x2  
  85  13:09  Drone x2  
  83  13:18  Spine Crawler  
  83  13:19  Ravager  
  83  13:29  Queen  
  83  13:30  Drone  
  83  13:31  Drone  
  87  13:40  Queen  
  87  13:41  Drone x2  
  91  13:45  Zergling x2  
  92  13:53  Queen  
  92  13:54  Drone  
  95  13:55  Drone  
  95  13:56  Drone  
  97  14:19  Zergling x26  
  97  14:21  Zergling x2  
  111  14:29  Drone x4  
  111  14:30  Drone  
  116  14:38  Baneling x8  
  116  14:39  Baneling  
  116  14:51  Pneumatized Carapace  
  116  14:55  Overlord  
  116  14:57  Drone  
  116  14:58  Overlord x2  
  117  15:06  Baneling x14  
  117  15:08  Baneling x6  
  117  15:18  Infestation Pit  
  117  15:19  Drone x6  
  96  16:08  Zergling x2  
  96  16:09  Zergling x34  
  110  16:12  Hive  
  110  16:14  Drone x3  
  110  16:17  Spine Crawler, Drone  
  113  16:18  Spine Crawler  
  113  16:19  Queen  
  114  16:26  Hydralisk x4  
  120  16:47  Spore Crawler  
  120  16:48  Spore Crawler  
  120  16:49  Spore Crawler x2  
  109  17:01  Spore Crawler  
  80  17:12  Drone  
  80  17:13  Drone x13  
  89  17:17  Roach x3  
  90  17:24  Drone x5  
  95  17:47  Spore Crawler  
  95  17:48  Spore Crawler  
  93  17:51  Spore Crawler  
  93  17:52  Spore Crawler, Hydralisk  
  93  17:53  Spore Crawler  
  92  18:00  Spore Crawler  
  92  18:02  Spore Crawler  
  92  18:03  Drone x9  
  92  18:04  Drone x2  
  90  18:07  Corruptor  
  91  18:22  Hydralisk  
  93  18:30  Drone  
  94  18:44  Spore Crawler  
  94  18:46  Drone  
  94  18:55  Overlord  
  94  18:56  Overlord x2  
  94  19:13  Queen x4, Adrenal Glands, Zerg Melee Weapons Level 3  
  94  19:14  Queen  
  94  19:15  Zergling x24  
  116  19:18  Drone x2  
  118  19:35  Overlord  
  118  19:53  Queen  
  120  20:00  Overlord x2  
  120  20:01  Overlord  
  120  20:03  Drone x6  
  126  20:08  Baneling  
  126  20:09  Baneling x7  
  126  20:10  Baneling  
  126  20:11  Baneling x6  
  126  20:14  Overlord x3  
  126  20:28  Extractor  
  123  20:29  Extractor  
  123  20:31  Roach x7  
  123  20:34  Hatchery  
  125  20:48  Roach x5  
  123  21:02  Baneling x4  
  123  21:03  Baneling x4  
  117  21:04  Zergling x10  
  118  21:13  Hydralisk x2  
  114  21:38  Zergling x16  
  82  22:04  Roach x7  
  88  22:16  Hydralisk  
  88  22:17  Hydralisk x2  
  89  22:24  Hydralisk  
  89  22:27  Zergling x2  
  89  22:29  Zergling x2  
  64  22:48  Drone x9  
  65  22:52  Zergling x2  
  62  22:59  Spore Crawler, Drone  
  62  23:12  Roach x4  
  65  23:19  Roach x2  
  53  23:41  Roach  
  53  23:42  Roach x6  
  53  23:44  Roach  
  53  23:46  Roach  
  62  23:56  Roach x3  
  62  24:01  Roach  
  70  24:06  Drone  
  71  24:11  Drone  
  72  24:18  Queen  
  72  24:19  Spore Crawler x2  
  72  24:24  Drone  
  72  24:25  Drone  
  70  24:32  Zergling x6  
  70  24:33  Zergling x4  
  70  24:36  Zergling x4  
  68  24:58  Drone x9  
  58  25:13  Drone x3  
  57  25:15  Drone x3  
  60  25:21  Zergling x6  
  60  25:22  Zergling x2  
  48  25:44  Hatchery  
  40  25:53  Drone x7  
  40  25:56  Roach  
  47  26:06  Zergling x4  
  49  26:16  Spore Crawler  
  49  26:17  Spore Crawler  
  47  26:21  Spore Crawler  
  44  26:36  Roach Warren  
  44  26:38  Spore Crawler  
  40  26:40  Drone x2  
  40  26:41  Spore Crawler  
  39  26:49  Zergling x6  
  39  27:09  Drone x2  
  39  27:13  Spawning Pool  
  38  27:17  Zergling x10  
  38  27:19  Drone  
  44  27:23  Corruptor  
  44  27:29  Corruptor  
  46  27:36  Lair  
  47  27:48  Drone x3  
  44  28:02  Hatchery  
  41  28:09  Drone x4  
  41  28:10  Drone  
  46  28:13  Drone x4  
  50  28:20  Drone  
  50  28:21  Zergling x2  
  50  28:23  Drone  
  53  28:40  Spine Crawler x2  
  53  28:41  Spine Crawler x2  
  50  28:42  Spine Crawler x2  
  50  28:43  Spine Crawler  
  50  28:47  Spine Crawler  
  45  28:51  Spore Crawler x2  
  45  28:53  Spore Crawler x2  
  41  29:05  Roach Warren, Zergling x6  
  39  29:38  Spore Crawler  
  39  29:39  Spore Crawler  
  39  29:41  Spore Crawler  
Tags
 
Matchup
TvZ
Replay Pack
init
Spawn Locations
Close Positions
Add a new tag
Caveats
  • Supply blocks, unpowered buildings, or Contaminate may cause inaccurate times.
  • Supply counts are checked every 10 seconds.